General information
			
			
        
        - name: BNet
 
        - type: Ladder team game (AT/RT)
 
        - host: Battle.net
 
        - saver: Gobiner
 
        
map: SunrockCove 
        - players: 6
 
        - length: 39:10
 
        - speed: Fast
 - version: 1.22 W3XP
 - replay type:  Public
 
» download(308 KB)
Players
        team 1 (winner) 
              
              
Gobiner (
orange | 58 APM | 2279 actions | 39:10)
              
 5 Blademaster 
 3 Wind Walk
 2 Critical Strike
 
                » actions 
                
                | Assign group hotkey | 28 |  | 
| Basic commands | 11 |  | 
| Build / train | 107 |  | 
| Enter build submenu | 53 |  | 
| Enter hero's abilities submenu | 5 |  | 
| Give item / drop item | 1 |  | 
| Right click | 1013 |  | 
| Select / deselect | 341 |  | 
| Select group hotkey | 465 |  | 
| Use ability | 255 |  | 
                2279 total
 » units 
                
                | Peon | 24 |  | 
| Troll Batrider | 33 |  | 
| Goblin Zeppelin | 3 |  | 
| Goblin Shredder | 1 |  | 
                61 total
 » upgrades
                
                | Liquid Fire | 1 |  | 
| Ranged Weapons | 3 |  | 
| Armor | 3 |  | 
| Troll Regeneration | 1 |  | 
| Burning Oil | 1 |  | 
| Reinforced Defenses | 1 |  | 
| Spiked Barricades | 2 |  | 
                12 total
 » buildings
                
                | Altar of Storms | 1 |  | 
| Orc Burrow | 4 |  | 
| War Mill | 1 |  | 
| Watch Tower | 34 |  | 
| Voodoo Lounge | 2 |  | 
| Stronghold | 1 |  | 
| Fortress | 1 |  | 
| Beastiary | 2 |  | 
| Barracks | 4 |  | 
| Great Hall | 1 |  | 
                51 total
 » build order
                00:06 Altar of Storms
00:19 Orc Burrow
00:28 War Mill
01:39 Watch Tower
01:50 Voodoo Lounge
02:14 Orc Burrow
02:35 Watch Tower
03:12 Watch Tower
03:16 Watch Tower
04:07 Watch Tower
04:27 Watch Tower
05:07 Stronghold
05:23 Watch Tower
06:18 Watch Tower
06:21 Voodoo Lounge
06:37 Watch Tower
06:42 Orc Burrow
06:43 Orc Burrow
07:30 Fortress
07:39 Watch Tower
07:41 Watch Tower
08:06 Beastiary
08:12 Beastiary
08:41 Watch Tower
14:00 Barracks
14:09 Barracks
14:12 Barracks
14:26 Barracks
20:12 Watch Tower
20:14 Watch Tower
20:15 Watch Tower
20:16 Watch Tower
20:17 Watch Tower
20:18 Watch Tower
20:18 Watch Tower
20:50 Watch Tower
21:26 Watch Tower
21:27 Watch Tower
21:28 Watch Tower
21:31 Watch Tower
21:44 Watch Tower
21:49 Great Hall
22:10 Watch Tower
23:24 Watch Tower
23:25 Watch Tower
23:25 Watch Tower
23:27 Watch Tower
23:34 Watch Tower
23:35 Watch Tower
28:29 Watch Tower
28:30 Watch Tower
» items
                
                | Staff of Teleportation | 4 |  | 
| Boots of Speed | 3 |  | 
| Lesser Clarity Potion | 9 |  | 
| Healing Salve | 6 |  | 
| Orb of Lightning | 1 |  | 
| Circlet of Nobility | 1 |  | 
                24 total
  
               
              
              
kunt.roII (
red | 97 APM | 3812 actions | 39:09)
              
 5 Archmage 
 3 Blizzard
 2 Brilliance Aura
 4 Mountain King 
 2 Storm Bolt
 2 Bash
 5 Paladin 
 3 Holy Light
 2 Divine Shield
 
                » actions 
                
                | Assign group hotkey | 35 |  | 
| Basic commands | 90 |  | 
| Build / train | 168 |  | 
| ESC pressed | 1 |  | 
| Enter build submenu | 99 |  | 
| Enter hero's abilities submenu | 15 |  | 
| Give item / drop item | 13 |  | 
| Right click | 1251 |  | 
| Select / deselect | 408 |  | 
| Select group hotkey | 1369 |  | 
| Use ability | 362 |  | 
                3812 total
 » units 
                
                | Peasant | 20 |  | 
| Goblin Zeppelin | 2 |  | 
| Goblin Shredder | 1 |  | 
| Sorceress | 2 |  | 
| Priest | 3 |  | 
                28 total
 » upgrades
                
                | Masonry | 3 |  | 
| Lumber Harvesting | 2 |  | 
| Magic Sentry | 1 |  | 
| Sorceress Training | 2 |  | 
| Priest Training | 2 |  | 
| Animal War Training | 1 |  | 
| Armor | 1 |  | 
| Swords | 1 |  | 
                13 total
 » buildings
                
                | Altar of Kings | 1 |  | 
| Farm | 6 |  | 
| Lumber Mill | 2 |  | 
| Scout Tower | 139 |  | 
| Arcane Tower | 8 |  | 
| Guard Tower | 71 |  | 
| Town Hall | 3 |  | 
| Keep | 1 |  | 
| Arcane Sanctum | 1 |  | 
| Castle | 3 |  | 
| Arcane Vault | 1 |  | 
| Barracks | 1 |  | 
| Blacksmith | 1 |  | 
                238 total
 » build order
                00:09 Altar of Kings
00:21 Farm
00:41 Lumber Mill
00:54 Farm
01:05 Scout Tower
01:39 Arcane Tower
01:41 Scout Tower
01:43 Farm
02:14 Guard Tower
02:58 Scout Tower
02:59 Scout Tower
03:28 Town Hall
03:50 Guard Tower
03:53 Guard Tower
03:54 Guard Tower
03:54 Guard Tower
04:29 Keep
04:49 Scout Tower
04:50 Scout Tower
05:19 Guard Tower
05:21 Scout Tower
05:21 Scout Tower
05:25 Scout Tower
05:25 Scout Tower
05:26 Scout Tower
06:08 Guard Tower
06:16 Guard Tower
06:20 Scout Tower
06:20 Scout Tower
06:42 Guard Tower
06:42 Guard Tower
06:43 Scout Tower
06:46 Guard Tower
06:46 Guard Tower
07:10 Guard Tower
07:10 Guard Tower
07:10 Guard Tower
07:20 Arcane Tower
07:22 Scout Tower
07:22 Scout Tower
07:43 Arcane Sanctum
07:52 Scout Tower
07:52 Scout Tower
07:53 Scout Tower
07:53 Scout Tower
08:14 Guard Tower
08:26 Guard Tower
08:26 Guard Tower
09:20 Scout Tower
09:21 Scout Tower
09:22 Scout Tower
09:22 Scout Tower
09:23 Scout Tower
09:24 Scout Tower
09:43 Castle
09:44 Castle
10:36 Guard Tower
10:40 Scout Tower
10:41 Scout Tower
10:42 Scout Tower
10:43 Scout Tower
10:44 Scout Tower
11:34 Arcane Vault
11:36 Scout Tower
11:36 Scout Tower
11:37 Scout Tower
11:38 Scout Tower
11:39 Scout Tower
12:00 Guard Tower
12:19 Farm
12:19 Farm
12:21 Farm
12:31 Arcane Tower
12:38 Arcane Tower
12:39 Arcane Tower
13:40 Arcane Tower
14:28 Scout Tower
14:29 Scout Tower
14:30 Scout Tower
14:32 Scout Tower
14:35 Scout Tower
14:36 Scout Tower
15:00 Guard Tower
15:01 Scout Tower
15:02 Scout Tower
15:03 Scout Tower
15:04 Scout Tower
15:05 Scout Tower
15:06 Scout Tower
15:07 Guard Tower
15:07 Guard Tower
15:07 Guard Tower
15:09 Guard Tower
15:34 Guard Tower
15:59 Scout Tower
17:21 Barracks
17:22 Blacksmith
19:40 Scout Tower
19:41 Scout Tower
19:42 Scout Tower
20:03 Scout Tower
20:04 Scout Tower
20:04 Scout Tower
20:04 Scout Tower
20:52 Guard Tower
20:54 Scout Tower
20:55 Scout Tower
20:55 Scout Tower
20:57 Scout Tower
20:58 Scout Tower
20:58 Scout Tower
20:58 Scout Tower
20:59 Scout Tower
21:00 Scout Tower
21:35 Guard Tower
21:35 Guard Tower
21:37 Scout Tower
21:37 Scout Tower
21:39 Scout Tower
21:39 Scout Tower
21:39 Scout Tower
21:40 Scout Tower
21:40 Scout Tower
21:41 Scout Tower
22:30 Guard Tower
22:30 Guard Tower
22:36 Town Hall
22:38 Guard Tower
23:13 Scout Tower
23:14 Scout Tower
23:15 Scout Tower
23:16 Scout Tower
23:17 Scout Tower
23:18 Scout Tower
23:19 Scout Tower
23:20 Scout Tower
23:20 Scout Tower
23:21 Scout Tower
23:21 Scout Tower
23:22 Scout Tower
23:23 Scout Tower
23:23 Scout Tower
23:24 Scout Tower
23:24 Scout Tower
23:32 Scout Tower
23:32 Scout Tower
23:33 Scout Tower
23:33 Scout Tower
23:35 Scout Tower
23:36 Scout Tower
23:48 Guard Tower
23:49 Guard Tower
23:49 Guard Tower
24:27 Scout Tower
24:27 Scout Tower
24:28 Scout Tower
24:29 Scout Tower
24:29 Scout Tower
24:30 Scout Tower
24:30 Scout Tower
24:32 Guard Tower
24:36 Guard Tower
24:36 Guard Tower
24:36 Guard Tower
25:45 Guard Tower
25:52 Lumber Mill
25:54 Scout Tower
25:55 Scout Tower
25:55 Scout Tower
25:57 Scout Tower
25:58 Scout Tower
26:00 Scout Tower
26:09 Guard Tower
26:13 Guard Tower
26:13 Guard Tower
26:15 Scout Tower
26:15 Scout Tower
26:16 Scout Tower
26:17 Scout Tower
26:18 Scout Tower
27:04 Guard Tower
27:05 Guard Tower
27:06 Guard Tower
27:06 Guard Tower
28:02 Guard Tower
28:24 Town Hall
34:06 Scout Tower
34:07 Scout Tower
34:08 Scout Tower
34:09 Scout Tower
34:09 Scout Tower
34:10 Scout Tower
34:14 Scout Tower
34:15 Scout Tower
35:21 Arcane Tower
36:04 Scout Tower
36:08 Scout Tower
36:09 Scout Tower
36:11 Scout Tower
36:13 Scout Tower
36:17 Scout Tower
36:27 Arcane Tower
36:40 Guard Tower
36:41 Guard Tower
36:41 Guard Tower
36:42 Guard Tower
36:46 Guard Tower
36:46 Guard Tower
36:46 Guard Tower
36:49 Scout Tower
36:50 Scout Tower
36:53 Scout Tower
36:55 Scout Tower
36:56 Scout Tower
37:12 Scout Tower
37:13 Scout Tower
37:17 Scout Tower
37:18 Scout Tower
37:19 Scout Tower
37:20 Guard Tower
37:37 Guard Tower
37:37 Guard Tower
37:43 Guard Tower
» items
                
                | Boots of Speed | 3 |  | 
| Staff of Teleportation | 3 |  | 
| Healing Salve | 2 |  | 
| Scroll of Speed | 1 |  | 
| Lesser Clarity Potion | 1 |  | 
| Circlet of Nobility | 4 |  | 
| Potion of Lesser Invulnerability | 1 |  | 
| Potion of Invisibility | 2 |  | 
| Orb of Lightning | 3 |  | 
| Staff of Sanctuary | 3 |  | 
                23 total
  
               
              
              
MrFrosty (
green | 80 APM | 3129 actions | 39:09)
              
 5 Archmage 
 3 Blizzard
 2 Brilliance Aura
 4 Blood Mage 
 2 Flame Strike
 1 Siphon Mana
 1 Banish
 
                » actions 
                
                | Assign group hotkey | 22 |  | 
| Basic commands | 69 |  | 
| Build / train | 112 |  | 
| ESC pressed | 3 |  | 
| Enter build submenu | 50 |  | 
| Enter hero's abilities submenu | 9 |  | 
| Give item / drop item | 8 |  | 
| Remove unit from queue | 1 |  | 
| Right click | 1515 |  | 
| Select / deselect | 501 |  | 
| Select group hotkey | 625 |  | 
| Use ability | 213 |  | 
                3129 total
 » units 
                
                | Peasant | 17 |  | 
| Priest | 2 |  | 
| Goblin Shredder | 1 |  | 
| Goblin Zeppelin | 2 |  | 
| Dragonhawk Rider | 10 |  | 
| Sorceress | 2 |  | 
                34 total
 » upgrades
                
                | Masonry | 3 |  | 
| Lumber Harvesting | 2 |  | 
| Backpack | 1 |  | 
| Magic Sentry | 1 |  | 
| Sorceress Training | 2 |  | 
| Priest Training | 2 |  | 
| Armor | 3 |  | 
| Animal War Training | 1 |  | 
| Swords | 3 |  | 
| Cloud | 1 |  | 
                19 total
 » buildings
                
                | Altar of Kings | 1 |  | 
| Farm | 5 |  | 
| Scout Tower | 56 |  | 
| Lumber Mill | 1 |  | 
| Arcane Tower | 7 |  | 
| Guard Tower | 25 |  | 
| Arcane Vault | 1 |  | 
| Town Hall | 1 |  | 
| Keep | 1 |  | 
| Arcane Sanctum | 1 |  | 
| Castle | 1 |  | 
| Blacksmith | 1 |  | 
| Barracks | 1 |  | 
| Gryphon Aviary | 1 |  | 
                103 total
 » build order
                00:05 Altar of Kings
00:20 Farm
00:21 Scout Tower
00:39 Lumber Mill
00:49 Arcane Tower
01:19 Farm
01:31 Scout Tower
01:56 Farm
02:05 Guard Tower
02:22 Scout Tower
02:46 Scout Tower
03:02 Arcane Tower
03:17 Guard Tower
03:51 Scout Tower
03:52 Scout Tower
03:53 Scout Tower
04:00 Scout Tower
04:07 Arcane Vault
04:24 Arcane Tower
04:26 Guard Tower
04:27 Scout Tower
04:29 Scout Tower
05:00 Guard Tower
05:18 Guard Tower
05:20 Scout Tower
06:16 Town Hall
06:19 Arcane Tower
06:23 Scout Tower
06:24 Scout Tower
06:25 Scout Tower
06:34 Scout Tower
06:36 Scout Tower
07:40 Keep
07:56 Guard Tower
07:58 Guard Tower
08:02 Guard Tower
08:06 Scout Tower
08:07 Scout Tower
08:08 Scout Tower
08:47 Arcane Tower
08:48 Guard Tower
09:11 Scout Tower
09:56 Guard Tower
10:19 Arcane Sanctum
10:23 Scout Tower
10:26 Scout Tower
10:33 Arcane Tower
10:59 Guard Tower
11:37 Farm
11:40 Castle
11:46 Blacksmith
11:54 Barracks
12:32 Gryphon Aviary
13:58 Scout Tower
13:59 Scout Tower
13:59 Scout Tower
14:00 Scout Tower
14:03 Scout Tower
14:03 Scout Tower
14:41 Guard Tower
15:07 Guard Tower
15:33 Farm
15:45 Scout Tower
15:47 Scout Tower
15:51 Scout Tower
16:22 Guard Tower
16:27 Scout Tower
16:27 Scout Tower
16:56 Guard Tower
17:00 Scout Tower
17:02 Scout Tower
17:04 Guard Tower
17:34 Scout Tower
17:59 Guard Tower
18:14 Scout Tower
18:15 Scout Tower
18:15 Scout Tower
18:16 Scout Tower
18:18 Scout Tower
18:18 Scout Tower
18:19 Scout Tower
18:19 Scout Tower
18:21 Scout Tower
18:23 Scout Tower
18:25 Scout Tower
18:26 Scout Tower
18:26 Scout Tower
19:03 Guard Tower
19:46 Guard Tower
20:16 Arcane Tower
20:18 Guard Tower
20:53 Scout Tower
20:54 Scout Tower
20:54 Scout Tower
21:12 Scout Tower
21:14 Scout Tower
21:21 Guard Tower
21:25 Guard Tower
21:27 Scout Tower
21:27 Scout Tower
21:49 Guard Tower
22:01 Guard Tower
22:14 Guard Tower
» items
                
                | Boots of Speed | 2 |  | 
| Staff of Teleportation | 2 |  | 
| Healing Salve | 2 |  | 
| Circlet of Nobility | 1 |  | 
| Periapt of Vitality | 2 |  | 
| Staff of Sanctuary | 2 |  | 
| Orb of Lightning | 2 |  | 
                13 total
  
               team 2 (loser) 
              
              
Hip-E (
pink | 60 APM | 2255 actions | 37:27)
              
 5 Death Knight 
 3 Death Coil
 2 Unholy Aura
 2 Lich 
 1 Frost Nova
 1 Dark Ritual
 1 Crypt Lord 
 1 Impale
 
                » actions 
                
                | Assign group hotkey | 4 |  | 
| Basic commands | 304 |  | 
| Build / train | 92 |  | 
| ESC pressed | 1 |  | 
| Enter build submenu | 31 |  | 
| Enter hero's abilities submenu | 8 |  | 
| Give item / drop item | 8 |  | 
| Remove unit from queue | 5 |  | 
| Right click | 1146 |  | 
| Select / deselect | 499 |  | 
| Select group hotkey | 91 |  | 
| Use ability | 66 |  | 
                2255 total
 » units 
                
                | Acolyte | 25 |  | 
| Ghoul | 10 |  | 
| Crypt Fiend | 8 |  | 
| Frost Wyrm | 8 |  | 
| Goblin Zeppelin | 1 |  | 
                52 total
 » upgrades
                
                | Creature Attack | 3 |  | 
| Web | 1 |  | 
| Freezing Breath | 1 |  | 
| Creature Carapace | 2 |  | 
                7 total
 » buildings
                
                | Graveyard | 1 |  | 
| Crypt | 1 |  | 
| Ziggurat | 11 |  | 
| Altar of Darkness | 1 |  | 
| Tomb of Relics | 1 |  | 
| Nerubian Tower | 2 |  | 
| Spirit Tower | 7 |  | 
| Halls of the Dead | 1 |  | 
| Black Citadel | 3 |  | 
| Sacrificial Pit | 1 |  | 
| Boneyard | 2 |  | 
| Necropolis | 1 |  | 
                32 total
 » build order
                00:10 Graveyard
00:18 Crypt
00:28 Ziggurat
00:46 Altar of Darkness
01:06 Ziggurat
01:18 Tomb of Relics
02:32 Nerubian Tower
03:41 Spirit Tower
05:06 Ziggurat
05:43 Halls of the Dead
05:46 Ziggurat
06:40 Spirit Tower
06:43 Spirit Tower
08:04 Black Citadel
08:04 Black Citadel
09:17 Sacrificial Pit
10:50 Boneyard
10:54 Ziggurat
11:17 Ziggurat
11:23 Ziggurat
12:33 Boneyard
12:59 Necropolis
14:12 Ziggurat
14:16 Spirit Tower
15:41 Spirit Tower
15:43 Spirit Tower
16:10 Ziggurat
16:55 Ziggurat
17:55 Spirit Tower
20:35 Ziggurat
22:46 Nerubian Tower
» items
                
                | Dust of Appearance | 2 |  | 
| Rod of Necromancy | 1 |  | 
| Potion of Healing | 1 |  | 
                4 total
  
               
              
              
jizzthrower (
yellow | 87 APM | 3394 actions | 39:06)
              
 2 Keeper of the Grove 
 1 Entangling Roots
 1 Force of Nature
 2 Priestess of the Moon 
 1 Trueshot Aura
 1 Searing Arrows
 
                » actions 
                
                | Assign group hotkey | 49 |  | 
| Basic commands | 86 |  | 
| Build / train | 173 |  | 
| ESC pressed | 1 |  | 
| Enter build submenu | 37 |  | 
| Enter hero's abilities submenu | 4 |  | 
| Give item / drop item | 1 |  | 
| Remove unit from queue | 24 |  | 
| Right click | 1001 |  | 
| Select / deselect | 431 |  | 
| Select group hotkey | 1459 |  | 
| Use ability | 128 |  | 
                3394 total
 » units 
                
                | Wisp | 72 |  | 
| Hippogryph | 21 |  | 
| Chimaera | 20 |  | 
| Druid of the Talon | 1 |  | 
                114 total
 » upgrades
                
                | Strength of the Wild | 3 |  | 
| Reinforced Hides | 3 |  | 
| Ultravision | 1 |  | 
| Druid of the Talon Training | 1 |  | 
| Corrosive Breath | 1 |  | 
| Well Spring | 1 |  | 
                10 total
 » buildings
                
                | Altar of Elders | 1 |  | 
| Moon Well | 11 |  | 
| Hunter's Hall | 1 |  | 
| Ancient of War | 1 |  | 
| Tree of Life | 4 |  | 
| Ancient Protector | 21 |  | 
| Tree of Ages | 3 |  | 
| Tree of Eternity | 10 |  | 
| Ancient of Wind | 4 |  | 
| Chimaera Roost | 6 |  | 
                62 total
 » build order
                00:12 Altar of Elders
00:16 Moon Well
02:02 Hunter's Hall
02:09 Ancient of War
02:56 Moon Well
03:11 Tree of Life
03:35 Ancient Protector
03:37 Ancient Protector
04:11 Tree of Life
05:00 Tree of Ages
05:38 Ancient Protector
05:41 Ancient Protector
05:56 Ancient Protector
07:10 Ancient Protector
07:35 Ancient Protector
07:46 Ancient Protector
07:55 Ancient Protector
08:06 Ancient Protector
08:09 Ancient Protector
08:19 Ancient Protector
09:25 Ancient Protector
09:32 Tree of Eternity
09:32 Tree of Eternity
09:32 Tree of Eternity
09:33 Tree of Eternity
10:03 Ancient of Wind
11:12 Ancient Protector
11:13 Ancient Protector
11:15 Ancient Protector
11:17 Ancient Protector
11:20 Ancient Protector
11:45 Ancient Protector
11:55 Chimaera Roost
11:56 Chimaera Roost
11:57 Chimaera Roost
12:08 Chimaera Roost
12:09 Chimaera Roost
12:10 Chimaera Roost
12:24 Ancient of Wind
12:51 Moon Well
12:52 Moon Well
12:53 Moon Well
12:54 Moon Well
12:55 Moon Well
13:49 Tree of Life
14:24 Moon Well
14:25 Moon Well
14:26 Moon Well
14:26 Moon Well
14:43 Tree of Life
15:29 Ancient Protector
15:29 Ancient Protector
16:44 Tree of Ages
19:05 Ancient of Wind
19:06 Ancient of Wind
19:32 Tree of Eternity
19:32 Tree of Eternity
19:32 Tree of Eternity
19:32 Tree of Eternity
» items
                 
               
              
              
TerracottaPie (
purple | 181 APM | 7091 actions | 39:08)
              
 6 Blademaster 
 3 Wind Walk
 2 Critical Strike
 1 Bladestorm
 4 Shadow Hunter 
 2 Hex
 2 Healing Wave
 
                » actions 
                
                | Assign group hotkey | 25 |  | 
| Basic commands | 19 |  | 
| Build / train | 82 |  | 
| ESC pressed | 2 |  | 
| Enter build submenu | 40 |  | 
| Enter hero's abilities submenu | 10 |  | 
| Give item / drop item | 6 |  | 
| Right click | 2766 |  | 
| Select / deselect | 673 |  | 
| Select group hotkey | 3321 |  | 
| Use ability | 147 |  | 
                7091 total
 » units 
                
                | Peon | 16 |  | 
| Grunt | 4 |  | 
| Wind Rider | 8 |  | 
| Troll Batrider | 8 |  | 
| Goblin Zeppelin | 2 |  | 
                38 total
 » upgrades
                
                | Reinforced Defenses | 1 |  | 
| Ranged Weapons | 3 |  | 
| Envenomed Spears | 1 |  | 
| Liquid Fire | 1 |  | 
| Armor | 2 |  | 
                8 total
 » buildings
                
                | Altar of Storms | 1 |  | 
| Orc Burrow | 7 |  | 
| Barracks | 1 |  | 
| Voodoo Lounge | 6 |  | 
| Stronghold | 2 |  | 
| War Mill | 1 |  | 
| Watch Tower | 10 |  | 
| Beastiary | 2 |  | 
| Fortress | 2 |  | 
| Great Hall | 1 |  | 
                33 total
 » build order
                00:07 Altar of Storms
00:20 Orc Burrow
00:51 Barracks
01:31 Orc Burrow
03:02 Voodoo Lounge
03:35 Stronghold
03:39 Voodoo Lounge
03:47 Voodoo Lounge
03:58 Voodoo Lounge
04:07 Voodoo Lounge
04:21 Orc Burrow
04:24 War Mill
04:45 Orc Burrow
05:51 Watch Tower
05:53 Watch Tower
06:39 Beastiary
06:40 Beastiary
08:04 Fortress
08:04 Fortress
08:10 Watch Tower
08:33 Watch Tower
11:21 Orc Burrow
11:24 Orc Burrow
12:16 Orc Burrow
13:57 Watch Tower
13:58 Watch Tower
14:00 Watch Tower
15:12 Watch Tower
15:15 Watch Tower
15:17 Watch Tower
21:17 Great Hall
24:51 Voodoo Lounge
» items
                
                | Healing Salve | 4 |  | 
| Scroll of Speed | 1 |  | 
| Lesser Clarity Potion | 3 |  | 
| Orb of Lightning | 2 |  | 
| Staff of Teleportation | 1 |  | 
| Scroll of Town Portal | 1 |  | 
                12 total
  
                Chat log
          (00:27 / All) kunt.roII: Gl hF
(00:30 / All) kunt.roII: u from??
(00:32 / All) TerracottaPie: you too
(00:34 / All) Hip-E: peru
(00:44 / All) kunt.roII: donde esta
(00:46 / All) MrFrosty: my condolences
(01:09 / Allies) MrFrosty: wisp
(01:10 / Allies) MrFrosty: scout
(01:12 / Allies) kunt.roII: TT
(01:44 / All) jizzthrower: tower teching
(01:45 / All) jizzthrower: yuaaaa
(01:49 / All) kunt.roII:  ??
(01:52 / All) jizzthrower: its the nobish thing to do
(01:52 / All) MrFrosty: that is indeed what we are doing
(01:56 / All) Gobiner: nah I just stay at t1
(01:58 / All) kunt.roII: how did u know
(05:09 / Allies) MrFrosty: my am so intelligent
(06:59 / All) jizzthrower: i8 hate fagits like you 
(07:02 / All) kunt.roII:  ??
(07:03 / All) jizzthrower: just fuckign play normal
(07:04 / All) kunt.roII: ur gay
(07:07 / All) jizzthrower: and stop being such idiots
(10:08 / All) jizzthrower: is it cool to tech to air?
(10:11 / All) kunt.roII: no
(10:16 / All) kunt.roII: thats why im not doing it and u are
(10:31 / All) jizzthrower: im not
(10:45 / All) MrFrosty: you probably should
(10:57 / All) jizzthrower: you probably should just play like a normal person
(11:03 / All) jizzthrower: ionstead of making us play like asses
(11:07 / All) kunt.roII: ??
(11:12 / All) kunt.roII: im not making u play anything
(11:13 / All) MrFrosty: feel free to quit
(11:18 / All) kunt.roII: u can quit now
(11:24 / All) kunt.roII: already got the QQ part down pretty wel
(11:26 / All) kunt.roII: just hold alt first
(11:44 / Allies) kunt.roII: MINE
(11:48 / Allies) MrFrosty: ugh
(12:06 / Allies) MrFrosty: oh thats true top is the gay one too small
(13:52 / All) jizzthrower: see how gay that is
(13:59 / All) jizzthrower: you got no skill
(14:00 / All) kunt.roII: what?
(14:01 / All) jizzthrower: its gay
(14:06 / Allies) kunt.roII: what?
(16:03 / Allies) MrFrosty: fuckkk
(16:05 / Allies) kunt.roII: tt
(16:22 / All) jizzthrower: fuckign asses
(16:28 / All) jizzthrower: WHY MUST YOU PLAY A LONG ASS GAME?
(16:30 / All) Gobiner: bawwwwwwwwwwwwww
(16:35 / All) Gobiner: if you don't like it quit
(16:37 / All) kunt.roII: ? ?
(16:49 / Allies) MrFrosty: f u k
(19:08 / Allies) MrFrosty: lo l
(19:31 / All) kunt.roII: LOL
(19:31 / Allies) MrFrosty: talk about owned
(21:17 / All) kunt.roII: all that anti air is really useful
(21:27 / All) jizzthrower: shut up fagit
(21:30 / All) jizzthrower: no respect fvor you
(21:31 / Allies) MrFrosty: l o l
(21:35 / Allies) Gobiner: gold please
(21:44 / Allies) MrFrosty: lots of stuff
(21:45 / Allies) MrFrosty: to bat
(22:50 / All) jizzthrower: your a bunchy of asses
(22:54 / All) MrFrosty: good fight i think
(23:00 / All) jizzthrower: no its not
(23:02 / All) jizzthrower: its imba
(23:05 / All) jizzthrower: and its bullshit
(23:19 / All) MrFrosty: i dont know why we have to keep getting such scrub opponents
(23:31 / All) MrFrosty: why cant you guys be decent?
(23:42 / All) jizzthrower: ya thats it
(23:45 / All) kunt.roII: pretty much
(23:57 / Allies) kunt.roII: oh wtf im in upkeep lol
(24:02 / Allies) MrFrosty: n o o b
(24:05 / Allies) kunt.roII: welp
(24:19 / All) kunt.roII: hey pink
(24:22 / All) kunt.roII: got ur army back yet?
(24:53 / All) kunt.roII: well??
(25:39 / All) kunt.roII: Nt
(25:47 / All) jizzthrower: oih your so cool
(25:57 / All) jizzthrower: how much skill does that take?
(26:07 / All) kunt.roII: alot more than it takes to use 1 stun
(26:15 / All) jizzthrower: WHO HAS STUN 
(26:17 / All) MrFrosty: how much skill does it take to have 2 level 2 heroes this far into a game
(26:24 / All) kunt.roII: crypt lord certainly doesnt
(26:25 / All) MrFrosty: creeping is hard and imba
(26:36 / Allies) kunt.roII: gg
(26:38 / Allies) kunt.roII: i just sold gem
(26:42 / Allies) kunt.roII: blaming gobiners shop
(26:47 / Allies) Gobiner: nice work
(26:48 / Allies) MrFrosty: w e l p
(27:53 / All) kunt.roII: loool
(27:56 / All) kunt.roII: run away noobs
(27:59 / Allies) MrFrosty: ive managed to save basically no gold this game
(28:05 / Allies) kunt.roII: same
(28:08 / Allies) Gobiner: same
(28:09 / Allies) kunt.roII: but ive built that
(28:12 / Allies) MrFrosty: yeah
(28:12 / Allies) kunt.roII: maybe u make hawks??
(28:14 / All) jizzthrower: YOUR PATHETIC
(28:17 / Allies) MrFrosty: ive got a few with upgrades
(28:22 / Allies) MrFrosty: ill get more as we start losing
(28:33 / Allies) MrFrosty: our bases
(28:34 / Allies) MrFrosty: if we do
(28:47 / Allies) MrFrosty: last stand over here do u think?
(28:49 / All) Hip-E: clan towa right
(28:50 / Allies) kunt.roII: ofc
(28:52 / All) kunt.roII:  ??
(28:53 / All) jizzthrower: WE ARE JUST GOING TO SIT LIKE YOU ARE
(28:55 / All) jizzthrower: FUCKIGN MORONS
(28:57 / All) MrFrosty: uh oh
(29:00 / All) MrFrosty: we dont like long games
(29:01 / All) kunt.roII: i didnt think of that one!
(29:04 / All) MrFrosty: this sounds awful
(29:11 / All) jizzthrower: lemme grab a beer
(29:45 / All) jizzthrower: hack as well/?
(29:52 / All) kunt.roII: only vs noobs like u
(29:53 / All) jizzthrower: ya he is a queer
(29:57 / All) jizzthrower: can't win normally
(30:02 / All) kunt.roII: then we can laugh at all the dumb things u do out of our sight
(30:03 / All) Gobiner: yes we AMM hack to get shitty opponents
(30:29 / Allies) MrFrosty: gobiner never has a stable economy
(31:05 / Allies) MrFrosty: yeah i sent one there before and he sent his idle zepp to scout my peasants
(31:21 / Allies) MrFrosty: l o l
(31:23 / Allies) MrFrosty: what
(31:33 / Allies) MrFrosty: chims and hippos
(32:51 / All) kunt.roII: lmao.
(33:11 / All) jizzthrower: see you have to play like this because you can't hack it w/ units
(33:25 / All) jizzthrower: na you dont' hack
(33:28 / All) kunt.roII: i dont need units
(33:30 / All) jizzthrower: you leave right away
(33:33 / All) kunt.roII: when u lose ur army to creeps
(33:39 / All) jizzthrower: who does
(33:42 / All) MrFrosty: nothing left to kill let me hang around until they get here
(33:42 / All) kunt.roII: your ally pink
(33:44 / All) jizzthrower: noone loses army to creeps
(33:46 / All) kunt.roII: had a hard time with that rock golem
(33:47 / All) jizzthrower: srue he did
(34:23 / Allies) MrFrosty: maybe try towering that side
(35:11 / All) kunt.roII: bye bye
(36:31 / Allies) MrFrosty: lol
(37:29 / All) Gobiner: 2ez
(37:30 / All) MrFrosty: 2 e z
(37:31 / All) MrFrosty: noobs
(37:35 / All) jizzthrower: are we
(37:38 / All) kunt.roII: yes
(37:39 / All) kunt.roII: you are
(37:42 / All) Gobiner: maybe if you had whined more you would've won
(37:43 / All) jizzthrower: no we aren't
(37:48 / All) jizzthrower: your just a bunch of asses
(37:50 / All) kunt.roII: any micro*
(37:57 / All) jizzthrower: what was there to micro vs
(38:01 / All) jizzthrower: when you have 100000 towers
(38:01 / All) Gobiner: towers
(38:09 / All) MrFrosty: thanks
(38:17 / All) jizzthrower: fuck you
(38:31 / All) jizzthrower: play a normal strat and see how we mouthfuck you
(38:38 / All) jizzthrower: your a piece of shit
(38:52 / All) kunt.roII: LOL